 Dungeon Crawl Stone Soup version 0.30-a0-793-g160f7cfddd (webtiles) character file.

Game seed: 14828642125771102741

163 cheesebisquit the Chopper (level 5, 0/36 (47) HPs)
             Began as a Hill Orc Monk on Feb 19, 2023.
             Slain by a wight
             ... wielding a +0 scimitar
              (8 damage)
             ... on level 4 of the Dungeon.
             The game lasted 00:14:32 (2713 turns).

cheesebisquit the Chopper (Hill Orc Monk)           Turns: 2713, Time: 00:14:33

HP:   0/36 (47)     AC: 15    Str: 16    XL:     5   Next: 44%
MP:   5/5           EV:  5    Int: 10    God:
Gold: 1             SH:  0    Dex: 13    Spells: 4/4 levels left

rFire   + . .      SeeInvis .    x - +0 war axe
rCold   + . .      Faith    .    (no shield)
rNeg    . . .      Spirit   .    p - +0 plate armour
rPois   .          Reflect  .    t - +2 helmet
rElec   .          Harm     .    h - +0 cloak
rCorr   .          Rampage  .    (no gloves)
Will    .....                    (no boots) Stlth
                                 (no amulet)
HPRegen 0.26/turn                b - ring of protection from cold
MPRegen 0.09/turn                n - ring of protection from fire

@: heavily drained
A: no striking features
a: no special abilities


You were on level 4 of the Dungeon.
You visited 2 branches of the dungeon, and saw 5 of its levels.

You collected 157 gold pieces.
You spent 156 gold pieces at shops.

Inventory:

Hand Weapons
 a - a +0 hand axe
 x - a +0 war axe (weapon)
Missiles
 f - 8 poisoned darts (quivered)
Armour
 h - a +0 cloak (worn)
 p - a +0 plate armour (worn)
 t - a +2 helmet (worn)
Jewellery
 b - a ring of protection from cold (left hand)
 n - a ring of protection from fire (right hand)
Scrolls
 e - a scroll of fog
 k - a scroll of magic mapping {unknown}
 l - 2 scrolls of noise
 o - a scroll of enchant weapon {unknown}
 w - 5 scrolls of teleportation
 y - a scroll of butterflies {unknown}
 z - a scroll of poison {unknown}
 B - a scroll of vulnerability {unknown}
Potions
 c - a potion of ambrosia
 d - a potion of curing
 g - a potion of cancellation
 i - a potion of might {unknown}
 j - 2 potions of mutation
 m - a potion of haste {unknown}
 s - a potion of flight {unknown}
 u - 2 potions of brilliance
 v - a potion of lignification
 A - a potion of invisibility {unknown}


   Skills:
 + Level 4.7 Fighting
 * Level 6.2 Axes
 + Level 2.5 Armour
 - Level 2.4 Dodging
 - Level 1.5 Stealth


You had 4 spell levels left.
You didn't know any spells.
Your spell library contained the following spells:

 Spells                   Type           Power      Damage    Failure   Level
 Foxfire                  Conj/Fire      0%         2x1d4     100%        1
 Lesser Beckoning         Tloc           0%         N/A       100%        2
 Gell's Gravitas          Tloc           0%         N/A       100%        3
 Teleport Other           Tloc           0%         N/A       100%        3
 Fireball                 Conj/Fire      0%         3d3       100%        5
 Starburst                Conj/Fire      0%         6d3       100%        6


Dungeon Overview and Level Annotations

Branches:
Dungeon (4/15)             Temple (1/1) D:4

Altars:
Cheibriados
Dithmenos
Elyvilon
Fedhas
Hepliaklqana
Kikubaaqudgha
Makhleb
Nemelex Xobeh
Okawaru
Qazlal
Ru
Wu Jian
Xom
Yredelemnul
Zin
The Shining One

Shops:
D:2 !


Message History

The wight is moderately damaged.
You hit the wight but do no damage. The wight hits you with a +0 scimitar.
The wight hits you with a +3 dire flail.
You feel drained.
You barely miss the wight.
The wight is moderately damaged.
You closely miss the wight. The wight hits you with a +0 scimitar!
The wight hits you but does no damage.
You closely miss the wight.
The wight is moderately damaged.
You hit the wight but do no damage. The wight barely misses you.
The wight hits you with a +3 dire flail.
You feel drained.
You closely miss the wight.
The wight is moderately damaged.
You completely miss the wight. The wight barely misses you.
The wight hits you with a +3 dire flail.
The wight barely misses you. x2
You hit the wight.
The wight is severely damaged.
You hit the wight but do no damage. The wight hits you but does no damage.
The wight hits you with a +3 dire flail.
You feel drained.
You closely miss the wight.
The wight is severely damaged.
You completely miss the wight. The wight hits you but does no damage.
The wight hits you with a +3 dire flail!
* * * LOW HITPOINT WARNING * * *
You feel much better. The wight hits you with a +0 scimitar!
* * * LOW HITPOINT WARNING * * *
You feel drained.
* * * LOW HITPOINT WARNING * * *
The wight hits you with a +3 dire flail.
* * * LOW HITPOINT WARNING * * *
You feel drained.
* * * LOW HITPOINT WARNING * * *
Okay, then.
Okay, then.
You feel better. The wight hits you with a +0 scimitar!
You die...

####### #### #########
##.....##.... ..).....#
##............ ........#
#.............
........###.............
........................
...<....###.....@.......
........###....zz=......
........................
........####............
######............##....
#.........#### ###...>..
######......(..# ..... .
.....#........... ....
.. .....#........... ...
...


You could see 2 wights.

Vanquished Creatures
  An iguana (D:4)
  4 gnolls (D:3)
  2 adders
  3 worms
  A dart slug (D:1)
  6 orcs (D:3)
  4 ball pythons
  12 endoplasms
  3 giant cockroaches (D:3)
  4 goblins
  2 hobgoblins
  3 kobolds
  4 quokkas
  3 bats
  5 frilled lizards
  12 rats
69 creatures vanquished.

Notes
Turn   | Place    | Note
-------+----------+-------------------------------------------
     0 | D:1      | cheesebisquit the Hill Orc Monk began the quest for the
                  | Orb.
     0 | D:1      | Reached XP level 1. HP: 19/19 MP: 1/1
   243 | D:1      | Reached XP level 2. HP: 27/27 MP: 2/2
   555 | D:2      | Reached skill level 1 in Armour
   654 | D:2      | Reached XP level 3. HP: 33/33 MP: 3/3
   686 | D:2      | Reached skill level 5 in Axes
   706 | D:2      | Found Juthrel's Distillery.
   710 | D:2      | Bought a potion of heal wounds for 60 gold pieces
   710 | D:2      | Bought a potion of degeneration for 12 gold pieces
  1087 | D:2      | Bought a potion of lignification for 36 gold pieces
  1193 | D:3      | Reached XP level 4. HP: 39/40 MP: 4/4
  1504 | D:3      | Reached XP level 5. HP: 47/47 MP: 5/5
  1593 | D:3      | Reached skill level 6 in Axes
  1757 | D:3      | Found a faded altar of an unknown god.
  2260 | D:2      | Bought a potion of brilliance for 48 gold pieces
  2406 | D:4      | Found a staircase to the Ecumenical Temple.
  2415 | Temple   | Entered the Ecumenical Temple
  2713 | D:4      | Slain by a wight

Illustrated notes

Levels and vault maps discovered:
D:1:      dpeg_arrival_ratfight, layout_rooms
D:2:      layout_rooms, serial_shops, nicolae_diamond_shop
D:3:      layout_basic, basic_ecumenical_altar, minmay_fractal_squares_gapless_5
D:4:      corexii_shantytown, layout_rooms, mainiacjoe_overflow_24_doors,
          minmay_temple_entry_purple_smoke, minivault_19,
          eino_small_chamber_without_monster
Temple:   nicolae_temple_superstar

Skill      XL: |  1  2  3  4  5 |
---------------+----------------+-----
Armour         | 1 2 |  2.5
Fighting       | 4 |  4.7
Axes           | 5 6 |  6.2
Dodging        | |  2.4
Stealth        | |  1.5

Action                     |  1- 3 |  4- 6 || total
---------------------------+-------+-------++-------
  Melee: Hand axe          |   111 |    68 ||   179
         Punch             |     1 |     1 ||     2
         War axe           |       |    44 ||    44
  Throw: Dart              |     1 |     1 ||     2
    Use: Potion            |       |     3 ||     3
         Scroll            |       |     6 ||     6
   Stab: Sleeping          |     2 |       ||     2
 Armour: Leather armour    |    21 |       ||    21
         Plate armour      |    38 |    88 ||   126
  Dodge: Dodged            |    41 |    24 ||    65

Table legend: (Time is in decaauts)
 A = Elapsed time spent in this place.
 B = Non-inter-level travel time spent in this place.
 C = Inter-level travel time spent in this place.
 D = Time resting spent in this place.
 E = Time spent auto-exploring this place.
 F = Levels seen in this place.
 G = Mean time per level.
                   A        B        C        D        E       F      G
               +--------+--------+--------+--------+--------+-----+--------+
         Total |   2732 |   2413 |    319 |     49 |   1701 |   5 |  546.4 |
       Dungeon |   2627 |   2323 |    304 |     49 |   1628 |   4 |  656.8 |
        Temple |    104 |     89 |     15 |      0 |     73 |   1 |  104.0 |
               +--------+--------+--------+--------+--------+-----+--------+

Top non-repeatable levels by time:
     D:3: 1303 daAuts
     D:1: 597 daAuts
     D:2: 539 daAuts
     D:4: 187 daAuts
  Temple: 104 daAuts
